 Dungeon Crawl Stone Soup version 0.25.0-8-gfd19cd77bd (console) character file.

Game seed: 997326954401672709

1367 Kagalorn the Frost Mage (level 8, -2/46 HPs)
             Began as a Tengu Ice Elementalist on June 16, 2020.
             Was a Follower of Ashenzari.
             Slain by a large abomination (17 damage)
             ... on level 1 of the Abyss.
             The game lasted 00:23:12 (7280 turns).

Kagalorn the Frost Mage (Tengu Ice Elementalist)    Turns: 7280, Time: 00:23:12

Health: -2/46      AC:  6    Str: 10    XL:     8   Next: 65%
Magic:  15/15      EV: 16    Int: 15    God:    Ashenzari [*.....]
Gold:   371        SH:  0    Dex: 16    Spells: 9/16 levels left

rFire    . . .     SeeInvis .   u - +1 rapier (drain)
rCold    . . .     Gourm    .   (no shield)
rNeg     . . .     Faith    .   y - +0 robe
rPois    .         Spirit   .   (helmet restricted)
rElec    .         Reflect  .   (no cloak)
rCorr    .         Harm     .   (no gloves)
MR       .....                  (boots unavailable)
Stlth    +.........             d - amulet of regeneration (curse)
HPRegen  0.55/turn              r - ring of attention (curse)
MPRegen  0.14/turn              j - +4 ring of protection

@: stab, flying quickly and evasively, very slightly contaminated, invisible,
quick
A: beak, talons 3, able to fly
a: Stop Flying, Curse Item, Scrying, Renounce Religion


You were on level 1 of the Abyss.
You worshipped Ashenzari.
Ashenzari was aware of your devotion.
You were very hungry.

You visited 2 branches of the dungeon, and saw 7 of its levels.
You visited the Abyss 1 time.

You collected 371 gold pieces.

Inventory:

Hand Weapons
 a - a +4 mace of venom
 b - a +0 hunting sling of freezing
 q - a +0 hand crossbow
 u - a +1 rapier of draining (weapon)
Missiles
 i - 118 arrows
 m - 277 stones
 n - 109 sling bullets
 t - 3 poisoned darts (quivered)
Armour
 y - a +0 robe (worn)
Jewellery
 d - a cursed amulet of regeneration (around neck)
 j - a +4 ring of protection (right hand)
 o - an uncursed ring of wizardry
 r - a cursed ring of attention (left hand)
 v - an uncursed ring of protection from fire
 z - an uncursed ring of protection from cold
Wands
 B - a wand of random effects (12)
Scrolls
 e - 2 scrolls of remove curse
 h - a scroll of enchant weapon
 p - a scroll of amnesia
 x - a scroll of fear
Potions
 k - a potion of haste
 l - a potion of stabbing
 s - a potion of curing
 w - a potion of lignification
Comestibles
 c - 13 rations


   Skills:
 * Level 3.2 Fighting
 + Level 3.5 Dodging
 - Level 2.0 Stealth
 + Level 4.5 Spellcasting
 * Level 2.8 Summonings
 - Level 8.0 Ice Magic


You had 9 spell levels left.
You knew the following spells:

 Your Spells              Type           Power        Failure   Level  Hunger
b - Frozen Ramparts       Ice            ####..       1%          3    ###....
c - Summon Ice Beast      Ice/Summ       ###.....     19%         4    ####...

Your spell library contained the following spells:

 Spells                   Type           Power        Failure   Level  Hunger
 Freeze                   Ice            ####         1%          1    None
 Ozocubu's Armour         Chrm/Ice       ###.....     10%         3    ###....
 Hailstorm                Conj/Ice       ###.....     32%         4    ####...


Dungeon Overview and Level Annotations

Branches:
Dungeon (6/15)             Temple (1/1) D:4

Altars:
Ashenzari
Cheibriados
Dithmenos
Elyvilon
Fedhas
Gozag
Hepliaklqana
Kikubaaqudgha
Makhleb
Nemelex Xobeh
Okawaru
Qazlal
Ru
Sif Muna
Trog
Uskayaw
Vehumet
Wu Jian
Xom
Yredelemnul
Zin
The Shining One

Annotations:
D:6 Edmund


Innate Abilities, Weirdness & Mutations

You have a beak for a mouth.
You have claws for feet.
You can fly continuously.


Message History

Evoke which item? (* to show all) (? for menu, Esc to quit)
Aiming: Random Effects
Press: ? - help, Shift-Dir - straight line, f - large abomination
Aim: a large abomination The bolt of poison hits the large abomination.
The large abomination completely resists.
The large abomination misses you.
Evoke which item? (* to show all) (? for menu, Esc to quit)
Aiming: Random Effects
Press: ? - help, Shift-Dir - straight line, f/p - large abomination
Aim: a large abomination The large abomination barely misses you.
Okay, then.
You feel ready to backstab.
The large abomination closely misses you.
Your +4 mace of venom stops dripping with poison.
You sense an unholy aura.
u - a +1 rapier of draining (weapon)
The large abomination hits you!
You die...

..... ... .§§§§§§§. ....
.......5...§§§§§........
####. ### .#####§#### .
. #. ....# #5# . # #
..#.# #.# .. .# .##. #x#
##. # #.# #4# ..#5 #.#
#X# .# # #@# .#.. ### #
.#....... # .##.##. # ##
#.# . #


You could see a large abomination, a chaos spawn, a small abomination and an
iron imp.

Vanquished Creatures
  A phantom (D:4)
  An ogre (D:4)
  4 big kobolds (D:4)
  2 scorpions
  A howler monkey (D:5)
  2 hounds
  5 orc priests
  5 orc wizards
  An iguana (D:4)
  7 worker ants
  A hound zombie (D:5)
  6 gnolls (D:4)
  3 adders
  An ooze (D:6)
  2 worms
  3 dart slugs
  A leopard gecko (D:2)
  18 orcs
  3 giant cockroaches
  34 goblins
  25 hobgoblins
  6 kobolds
  A quokka (D:4)
  10 bats
  A frilled lizard (D:4)
  5 rats
149 creatures vanquished.

Notes
Turn   | Place    | Note
-------+----------+-------------------------------------------
     0 | D:1      | Kagalorn the Tengu Ice Elementalist began the quest for the
                  | Orb.
     0 | D:1      | Reached XP level 1. HP: 10/10 MP: 4/4
   880 | D:2      | Reached XP level 2. HP: 15/15 MP: 6/6
  1064 | D:2      | Reached skill level 4 in Ice Magic
  1525 | D:2      | Reached XP level 3. HP: 19/19 MP: 5/7
  1829 | D:2      | Learned a level 3 spell: Frozen Ramparts
  2285 | D:3      | Found an iron altar of Okawaru.
  2490 | D:3      | Reached XP level 4. HP: 21/24 MP: 4/9
  3625 | D:3      | Reached skill level 5 in Ice Magic
  3625 | D:3      | Gained mutation: You can fly continuously. [Tengu growth]
  3625 | D:3      | Reached XP level 5. HP: 27/28 MP: 1/10
  3897 | D:4      | Reached XP level 6. HP: 32/32 MP: 8/12
  3955 | D:4      | Reached skill level 6 in Ice Magic
  4269 | D:4      | Reached XP level 7. HP: 35/36 MP: 7/14
  4611 | D:4      | Reached skill level 7 in Ice Magic
  4775 | D:4      | Reached skill level 8 in Ice Magic
  4777 | D:4      | Reached skill level 1 in Fighting
  4777 | D:4      | Reached XP level 8. HP: 27/43 MP: 6/15
  5425 | D:4      | Found a staircase to the Ecumenical Temple.
  5431 | Temple   | Entered the Ecumenical Temple
  5684 | Temple   | Became a worshipper of Ashenzari the Shackled
  5733 | D:4      | Learned a level 4 spell: Summon Ice Beast
  6014 | D:4      | Reached skill level 1 in Summonings
  6230 | D:5      | Entered Level 5 of the Dungeon
  6879 | D:5      | Found a stormy altar of Qazlal.
  6883 | D:5      | Found a basalt altar of Yredelemnul.
  6886 | D:5      | Found a hazy altar of Hepliaklqana.
  7123 | D:6      | Reached * piety under Ashenzari
  7126 | D:6      | Noticed Edmund
  7186 | D:6      | Cast into level 1 of the Abyss (Edmund)
  7212 | Abyss:1  | Found a viscous altar of Jiyva.
  7261 | Abyss:1  | Noticed a large abomination
  7280 | Abyss:1  | Slain by a large abomination

Illustrated notes

Levels and vault maps discovered:
D:1:      erik_arrival_triangle_large, layout_basic, minmay_hedge_maze,
          minmay_tripent
D:2:      layout_basic
D:3:      layout_basic, lemuel_doored_altar, minmay_puff
D:4:      minmay_goblin_kobold_castle, layout_cave_pools, temple_green,
          first_ration
D:5:      layout_basic, grunt_temple_overflow_diamond
D:6:      layout_cave_pools, serial_glass, glass_columns_c, glass_columns_c,
          nrook_mini_vaults, uniq_edmund
Temple:   dpeg_five_rooms_temple
Abyss:1:  base: D:10, hangedman_abyss_monster_moat

Skill      XL: |  1  2  3  4  5  6  7  8 |
---------------+-------------------------+-----
Ice Magic      | 4 5 6 8 |  8.0
Spellcasting   | 3 4 |  4.5
Fighting       | 1 3 |  3.2
Dodging        | 3 |  3.5
Summonings     | 2 |  2.8
Stealth        | |  2.0

Action                   |  1- 3 |  4- 6 |  7- 9 || total
-------------------------+-------+-------+-------++-------
Melee: Unarmed           |    73 |     5 |       ||    78
       Kick              |    26 |     2 |    22 ||    50
       Peck              |    26 |     1 |    14 ||    41
       Mace              |       |     2 |    75 ||    77
Throw: Dart              |       |     3 |       ||     3
 Cast: Freeze            |    62 |    69 |    41 ||   172
       Frozen Ramparts   |       |     4 |    25 ||    29
Invok: Curse Item        |       |       |     1 ||     1
 Abil: Fly               |       |       |     1 ||     1
Evoke: Wand              |       |       |     2 ||     2
  Use: Scroll            |       |     6 |     7 ||    13
       Potion            |       |       |     2 ||     2
 Stab: Sleeping          |     3 |     2 |       ||     5
  Eat: Chunk             |     2 |     6 |     7 ||    15
       Ration            |     1 |       |     1 ||     2
Armor: Robe              |    26 |    26 |    23 ||    75
Dodge: Dodged            |    43 |    59 |    87 ||   189
